 Dungeon Crawl Stone Soup version 0.19-a0-536-g4d3b45e (webtiles) character file.

4651 Ordine the Thaumaturge (level 10, -2/50 HPs)
             Began as a Deep Elf Wizard on June 7, 2016.
             Was a Follower of Vehumet.
             Slain by an unseen horror (4 damage)
             ... on level 10 of the Dungeon on June 8, 2016.
             The game lasted 00:53:42 (10684 turns).

Ordine the Thaumaturge (Deep Elf Wizard)           Turns: 10684, Time: 00:53:43

Health: -2/50      AC:  9    Str: 12    XL:     10   Next: 20%
Magic:  25/26      EV: 13    Int: 27    God:    Vehumet [*.....]
Gold:   223        SH:  5    Dex: 13    Spells: 6 memorised, 17 levels left

rFire  . . .     SeeInvis .     g - +0 short sword (flame)
rCold  + . .     Gourm    .     a - +0 robe
rNeg   . . .     Faith    .     I - +0 buckler
rPois  .         Spirit   .     m - +0 helmet
rElec  .         Dismiss  .     p - +1 cloak
rCorr  .         Reflect  .     C - +1 pair of gloves {Str+3}
SustAt .         Harm     .     E - +0 pair of boots
MR     +....                    e - amulet of regeneration
Stlth  ++........               A - ring of protection from cold (curse)
                                B - +2 ring of protection

@: mighty, repel missiles, somewhat resistant to hostile enchantments,
unstealthy
A: deformed body
a: Renounce Religion


You were on level 10 of the Dungeon.
You worshipped Vehumet.
Vehumet was aware of your devotion.
You were not hungry.

You visited 2 branches of the dungeon, and saw 11 of its levels.
You also visited: Sewer.

You collected 600 gold pieces.
You spent 377 gold pieces at shops.

Inventory:

Hand Weapons
 g - a +0 short sword of flaming (weapon)
Armour
 a - a +0 robe (worn)
 m - a +0 helmet (worn)
 p - a +1 cloak (worn)
 C - a +1 pair of gloves of strength (worn)
 E - a +0 pair of boots (worn)
 I - a +0 buckler (worn)
Magical Staves
 K - an uncursed staff of conjuration
Jewellery
 e - an amulet of regeneration (around neck)
 A - a cursed ring of protection from cold (right hand)
 B - a +2 ring of protection (left hand)
 G - an uncursed amulet of the gourmand
Wands
 o - a wand of flame (27/48)
 t - a wand of lightning (4/15)
 v - a wand of iceblast (7/15)
 D - a wand of digging (6/24)
 O - a wand of paralysis (14/24)
 P - a wand of acid (6/15)
Scrolls
 b - a scroll of amnesia
 i - 7 scrolls of remove curse
 n - 2 scrolls of fog
Potions
 f - a potion of brilliance
 h - 3 potions of curing
 j - 4 potions of flight
 q - 2 potions of might
 r - 3 potions of degeneration {unknown}
 s - 4 potions of mutation
 w - 4 potions of agility {unknown}
 z - a potion of heal wounds {unknown}
 J - a potion of lignification
 Q - a potion of haste
Books
 c - a book of Minor Magic

   Spells                             Type                      Level
   a - Magic Dart                     Conjuration                  1
   b - Blink                          Translocation                2
   c - Call Imp                       Summoning                    2
   d - Repel Missiles                 Charms/Air                   2
   e - Slow                           Hexes                        2
   f - Conjure Flame                  Conjuration/Fire             3
   g - Mephitic Cloud                 Conjuration/Poison/Air       3
 x - a book of Cantrips

   Spells                             Type                      Level
   a - Corona                         Hexes                        1
   b - Animate Skeleton               Necromancy                   1
   c - Summon Small Mammal            Summoning                    1
   d - Apportation                    Translocation                1
 y - a book of Dreams

   Spells                             Type                      Level
   a - Ensorcelled Hibernation        Hexes/Ice                    2
   b - Silence                        Hexes/Air                    5
   c - Darkness                       Hexes                        6
   d - Shadow Creatures               Summoning                    6
 N - a book of Changes

   Spells                             Type                      Level
   a - Beastly Appendage              Transmutation                1
   b - Sticks to Snakes               Transmutation                2
   c - Spider Form                    Transmutation/Poison         3
   d - Ice Form                       Ice/Transmutation            4
   e - Blade Hands                    Transmutation                5
Comestibles
 d - 6 bread rations
 l - 3 meat rations
 u - 17 fruits
 F - a beef jerky
 H - a slice of pizza
 L - a royal jelly
 M - 2 chunks of flesh


   Skills:
 - Level 2.4 Dodging
 - Level 2.4 Stealth
 + Level 4.9 Shields
 - Level 10.1 Spellcasting
 - Level 6.8 Conjurations
 - Level 4.0 Charms
   Level 1.1 Summonings
 - Level 4.0 Translocations
 - Level 5.6 Fire Magic
 - Level 4.8 Air Magic
 - Level 5.1 Evocations


You had 17 spell levels left.
You knew the following spells:

 Your Spells              Type           Power        Failure   Level  Hunger
a - Magic Dart            Conj           ####         1%          1    None
b - Blink                 Tloc           N/A          1%          2    None
c - Conjure Flame         Conj/Fire      #####...     1%          3    None
d - Mephitic Cloud        Conj/Pois/Air  ####....     2%          3    None
e - Repel Missiles        Chrm/Air       #####.       1%          2    None
f - Apportation           Tloc           #####.....   1%          1    None


Dungeon Overview and Level Annotations

Branches:
Dungeon (10/15)            Temple (1/1) D:5            Lair (0/8) D:10
    Orc: D:9-12

Altars:
Ashenzari
Cheibriados
Dithmenos
Elyvilon
Fedhas
Gozag
Hepliaklqana
Kikubaaqudgha
Makhleb
Nemelex Xobeh
Okawaru
Pakellas
Qazlal
Ru
Sif Muna
Trog
Uskayaw
Vehumet
Xom
Yredelemnul
Zin
The Shining One

Shops:
D:7 [

Annotations:
D:10 exclusion: orange crystal statue


Innate Abilities, Weirdness & Mutations

Armour fits poorly on your strangely shaped body.


Message History

Something hits you! Something hits you!
* * * LOW HITPOINT WARNING * * *
Okay, then.
You feel better. Something hits you but does no damage.
It was a potion of cure mutation.
It has a very clean taste.
Something hits you!
* * * LOW HITPOINT WARNING * * *
It was a potion of might.
You feel very mighty all of a sudden. Something hits you!
* * * LOW HITPOINT WARNING * * *
Something hits you but does no damage.
The orc priest mumbles some strange prayers to Beogh against you.
You resist with significant effort.
Unknown command.
It was a potion of mutation.
You feel extremely strange.
You feel robust.
Your body twists and deforms.
You feel frail. Something hits you.
You die...

..........## #.....#.##
......>....### ####.....##
.......##.#..###.#.#.#...# #
........#.....#.....##..### ### #
.............###........#.###.###
...............#.......#...#(..#.
...........#..o.#.#..##.#........
...............o.................
................@............[...
................>.........<...
..............................
.............................
.............................
.............................
...#..[....###.#.##.(.....#..
.......÷..###....#.#..##.#...
.....##...§#.#......#######.#


You could see an orc priest and an orc.

Vanquished Creatures
  A hill giant (D:10)
  A two-headed ogre (D:8)
  Sigmund (D:3)
  A hippogriff (D:9)
  3 ice beasts
  5 phantoms
  A sky beast (D:7)
  An orc warrior (D:7)
  4 ogres
  3 centaurs
  2 big kobolds
  5 giant frogs
  4 scorpions
  A killer bee (D:9)
  3 howler monkeys
  2 crimson imps
  A quasit (D:9)
  5 hounds
  4 jellies
  Crazy Yiuf (D:3)
  4 centaur skeletons
  3 orc priests
  A giant frog skeleton (D:8)
  6 orc wizards
  Ijyb (D:3)
  Jessica (D:3)
  2 iguanas (D:8)
  7 worker ants
  A killer bee zombie (D:8)
  2 hound zombies
  A hound skeleton (D:9)
  A howler monkey skeleton (D:6)
  3 gnolls (D:4)
  11 adders
  2 shadow imps
  2 oozes
  A worm (D:4)
  2 dart slugs (D:1)
  6 giant geckos
  23 orcs
  5 ball pythons
  3 giant cockroaches
  4 goblins
  12 hobgoblins
  15 jackals
  8 quokkas
  10 bats
  7 giant newts
  A jackal skeleton (D:4)
  20 kobolds
  5 rats
219 creatures vanquished.

Vanquished Creatures (others)
  A plant (D:5)
1 creature vanquished.

Grand Total: 220 creatures vanquished

Notes
Turn   | Place    | Note
--------------------------------------------------------------
     0 | D:1      | Ordine the Deep Elf Wizard began the quest for the Orb.
     0 | D:1      | Reached XP level 1. HP: 10/10 MP: 7/7
   302 | D:1      | Reached skill level 5 in Spellcasting
   302 | D:1      | Reached XP level 2. HP: 15/15 MP: 8/10
   316 | D:1      | Learned a level 2 spell: Blink
   841 | D:1      | Reached XP level 3. HP: 19/19 MP: 2/12
   922 | D:1      | Learned a level 3 spell: Conjure Flame
   926 | D:1      | Learned a level 3 spell: Mephitic Cloud
   929 | D:1      | Learned a level 2 spell: Repel Missiles
  1666 | D:3      | Noticed Ijyb
  1757 | D:3      | Killed Ijyb
  1757 | D:3      | Reached skill level 6 in Spellcasting
  1757 | D:3      | Reached XP level 4. HP: 18/24 MP: 0/14
  1909 | D:3      | Found a glowing drain.
  2058 | Sewer    | Entered a sewer
  2308 | Sewer    | Noticed a big kobold
  2328 | Sewer    | Killed a big kobold
  2328 | Sewer    | Reached skill level 7 in Spellcasting
  2328 | Sewer    | Reached XP level 5. HP: 28/28 MP: 0/16
  2474 | Sewer    | Found a glowing silver altar of Zin.
  2791 | D:3      | Noticed Crazy Yiuf
  2806 | D:3      | Killed Crazy Yiuf
  2848 | D:3      | Noticed Jessica
  2854 | D:3      | Killed Jessica
  2854 | D:3      | Reached XP level 6. HP: 32/32 MP: 3/18
  3007 | D:3      | Noticed Sigmund
  3018 | D:3      | Killed Sigmund
  3018 | D:3      | Reached skill level 1 in Fire Magic
  3018 | D:3      | Reached skill level 1 in Air Magic
  3238 | D:4      | Reached skill level 8 in Spellcasting
  3238 | D:4      | Reached XP level 7. HP: 36/36 MP: 10/20
  3252 | D:4      | Reached skill level 1 in Charms
  4089 | D:4      | Found a shadowy altar of Dithmenos.
  4198 | D:4      | Found a bloodstained altar of Trog.
  4222 | D:4      | Reached XP level 8. HP: 36/41 MP: 4/22
  4349 | D:4      | Reached skill level 5 in Conjurations
  4571 | D:5      | Entered Level 5 of the Dungeon
  4571 | D:5      | Found a staircase to the Ecumenical Temple.
  4592 | Temple   | Entered the Ecumenical Temple
  4782 | D:5      | Found a white marble altar of Elyvilon.
  5419 | D:5      | Reached skill level 9 in Spellcasting
  5754 | D:5      | Upgraded the game from 0.19-a0-519-gb6a5606 to 0.19-a0-536-g4d3b45e
  6115 | D:6      | Learned a level 1 spell: Apportation
  6261 | D:6      | Reached skill level 1 in Evocations
  7032 | D:7      | Found Sipearph's Antique Armour Emporium.
  7040 | D:7      | Bought a pair of glowing gloves for 94 gold pieces
  7040 | D:7      | Bought an ichor-stained scale mail for 189 gold pieces
  7040 | D:7      | Bought a pair of boots for 94 gold pieces
  7060 | D:7      | Identified the cursed +0 scale mail of Qazlal's Reproof {rC- rN+ Dex+7} (You bought it in a shop on level 7 of the Dungeon)
  7121 | D:7      | Reached XP level 9. HP: 45/45 MP: 18/24
  7630 | D:7      | Found a sacrificial altar of Ru.
  7816 | D:7      | Found a radiant altar of Vehumet.
  7824 | D:7      | Became a worshipper of Vehumet
  8077 | D:8      | Reached skill level 5 in Fire Magic
  8505 | D:8      | Reached skill level 10 in Spellcasting
  8505 | D:8      | Reached skill level 5 in Evocations
  9055 | D:8      | Found a blossoming altar of Fedhas.
  9062 | D:8      | Reached * piety under Vehumet
  9062 | D:8      | Offered knowledge of Sandblast by Vehumet.
  9221 | D:8      | Reached skill level 1 in Shields
  9446 | D:9      | Found a hide-covered altar of Uskayaw.
 10059 | D:10     | Entered Level 10 of the Dungeon
 10128 | D:10     | Noticed an orange crystal statue
 10158 | D:9      | Reached XP level 10. HP: 35/50 MP: 16/26
 10471 | D:10     | Noticed a hill giant
 10485 | D:10     | Killed a hill giant
 10659 | D:10     | Found a staircase to the Lair.
 10683 | D:10     | HP: 2/50 [something (7)]
 10684 | D:10     | Gained mutation: You are robust. (+10% HP) [potion of mutation]
 10684 | D:10     | Gained mutation: Armour fits poorly on your strangely shaped body. [potion of mutation]
 10684 | D:10     | Lost mutation: You are robust. (+10% HP) [potion of mutation]
 10684 | D:10     | Slain by an unseen horror

Vault maps used:
D:1:      erik_arrival_blinker_ship
D:2:      minivault_26, kennysheep_generic_room_9
D:3:      first_bread, gup_sewer_entry_glass, uniq_iyjb, uniq_sigmund,
          uniq_crazy_yiuf_cottage, uniq_jessica
D:4:      grunt_dithmenos_shadows, lemuel_round_altar, kennysheep_generic_room_6
D:5:      elyvilon_altar_5, minmay_temple_entry_mist, saegor_snake_ambush
D:6:      minmay_stone_trees_small
D:7:      vehumet_crystals, serial_shops, shop, nicolae_ru_sacrificial_ziggurat
D:8:      hangedman_tree_tricks
D:9:      basic_altar
D:10:     lair_0_dummy, minmay_statue_bubble, uniq_maurice
Temple:   grunt_circular_temple_18
Sewer:    sewer_kobolds

Skill      XL: |  1  2  3  4  5  6  7  8  9 10 |
---------------+-------------------------------+-----
Spellcasting   | 5 6 7 8 9 10 | 10.1
Conjurations   | 2 3 4 5 6 |  6.8
Translocations | 2 3 4 |  4.0
Fire Magic     | 1 3 4 5 |  5.6
Air Magic      | 1 2 4 |  4.8
Charms         | 3 4 |  4.0
Evocations     | 2 5 |  5.1
Shields        | 3 4 |  4.9
Dodging        | |  2.4
Stealth        | |  2.4
Summonings     | |  1.1

Action                   |  1- 3 |  4- 6 |  7- 9 | 10-12 || total
-------------------------+-------+-------+-------+-------++-------
Melee: Dagger            |    57 |    41 |       |       ||    98
       Short sword       |       |     5 |    21 |       ||    26
 Cast: Magic Dart        |   107 |   109 |   600 |    51 ||   867
       Repel Missiles    |     1 |     1 |     2 |       ||     4
       Mephitic Cloud    |       |     2 |    13 |     2 ||    17
       Conjure Flame     |       |     2 |    12 |     2 ||    16
       Blink             |       |       |     8 |     2 ||    10
  Use: Scroll            |     7 |     1 |     7 |       ||    15
       Potion            |     2 |       |       |     4 ||     6
 Stab: Sleeping          |       |     1 |       |       ||     1
  Eat: Chunk             |     2 |     5 |    21 |     2 ||    30
Armor: Robe              |     6 |     9 |    54 |    17 ||    86
       Skin              |    29 |       |       |       ||    29
Dodge: Dodged            |    28 |    37 |   106 |    17 ||   188
       Deflected         |       |     1 |     4 |       ||     5
Block: Buckler           |       |       |     8 |     5 ||    13
